 Dungeon Crawl Stone Soup version 0.25-a0-474-ga8a2ee3166 (webtiles) character file.

Game seed: 16425717588244759233, levelgen mode: deterministic

1883 MirrMurr the Covert (level 8, -2/40 HPs)
             Began as a Spriggan Enchanter on Feb 8, 2020.
             Was an Initiate of Ashenzari.
             Slain by an orc warrior
             ... wielding a +0 broad axe
              (13 damage)
             ... in a bailey.
             The game lasted 00:18:22 (10304 turns).

MirrMurr the Covert (Spriggan Enchanter)           Turns: 10304, Time: 00:18:23

Health: -2/40      AC:  2    Str:  6    XL:     8   Next: 92%
Magic:  14/15      EV: 21    Int: 16    God:    Ashenzari [......]
Gold:   316        SH:  7    Dex: 17    Spells: 7/15 levels left

rFire    . . .     SeeInvis +   a - +1 dagger
rCold    . . .     Gourm    .   i - +0 buckler (curse)
rNeg     . . .     Faith    .   b - +0 robe
rPois    .         Spirit   .   (helmet restricted)
rElec    .         Reflect  .   (no cloak)
rCorr    .         Harm     .   (gloves unavailable)
MR       +....                  (boots unavailable)
Stlth    ++++......             (no amulet)
HPRegen  0.13/turn              (no ring)
MPRegen  0.14/turn              (no ring)

@: very quick
A: very small, unfitting armour, see invisible, herbivore, speed 3, slow
metabolism 2
a: Curse Item, Renounce Religion


You were in a bailey.
You worshipped Ashenzari.
Ashenzari was noncommittal.
You were not hungry.

You visited 2 branches of the dungeon, and saw 8 of its levels.
You also visited: Bailey.

You collected 316 gold pieces.

Inventory:

Hand Weapons
 a - a +1 dagger (weapon)
 v - a +0 rapier
Missiles
 c - 12 boomerangs
 f - 62 poisoned darts (quivered)
 g - 173 stones
 m - 39 sling bullets
 u - 2 throwing nets
Armour
 b - a +0 robe (worn)
 i - a cursed +0 buckler (worn)
Wands
 k - a wand of disintegration (11)
Scrolls
 e - a scroll of fog
 j - 2 scrolls of magic mapping
 o - a scroll of immolation
 r - 9 scrolls of remove curse
Potions
 d - 3 potions of agility
 h - a potion of ambrosia
 l - a potion of curing
 n - 2 potions of might
 p - 4 potions of heal wounds
 q - a potion of brilliance
 t - a potion of flight


   Skills:
 + Level 3.1 Fighting
 - Level 5.0 Short Blades
 + Level 6.6 Dodging
 - Level 8.2 Stealth
 + Level 2.8 Shields
 - Level 4.2 Spellcasting
 - Level 8.0 Hexes


You had 7 spell levels left.
You knew the following spells:

 Your Spells              Type           Power        Failure   Level  Hunger
a - Ensorcelled Hibernat  Hex/Ice        ###...       7%          2    ##.....
b - Confusing Touch       Hex            ####....     2%          3    ###....
c - Tukima's Dance        Hex            ####....     2%          3    ###....

Your spell library contained the following spells:

 Spells                   Type           Power        Failure   Level  Hunger
 Corona                   Hex            ####...      1%          1    None
 Dazzling Flash           Conj/Hex       ###...       13%         3    ###....
 Gell's Gravitas          Tloc           #.........   56%         3    ###....
 Metabolic Englaciation   Hex/Ice        ###.......   77%         5    ######.
 Yara's Violent Unravell  Hex/Tmut       ###.......   77%         5    ######.
 Petrify                  Tmut/Erth      #.......     92%         4    ####...


Dungeon Overview and Level Annotations

Branches:
Dungeon (7/15)             Temple (1/1) D:4          Bailey (1/1)

Altars:
Ashenzari
Cheibriados
Fedhas
Gozag
Hepliaklqana
Kikubaaqudgha
Makhleb
Nemelex Xobeh
Qazlal
Ru
Sif Muna
Uskayaw
Vehumet
Xom
Yredelemnul
Zin

Annotations:
D:3 dig?


Innate Abilities, Weirdness & Mutations

You are very small and have problems with some larger weapons.
You are too small for most types of armour.
You have supernaturally acute eyesight. (SInv)
You are a herbivore.
You cover ground extremely quickly.
You need to consume almost no food.


Message History

The goblin looks frightened!
The hobgoblin looks frightened!
The orc warrior looks frightened!
The kobold looks frightened!
You barely miss the hobgoblin.
The hobgoblin is moderately wounded.
The hobgoblin attempts to regain its composure.
Cornered, the orc turns to fight!
Cornered, the hobgoblin turns to fight!
The gnoll completely misses you.
The orc warrior weeps quietly.
There is an open door here.
The orc warrior cries, "Mercy!"
The kobold shouts!
You hit the orc warrior but do no damage.
Your attack snaps the orc warrior out of its fear.
The gnoll gives up.
You hit the orc warrior but do no damage.
The orc starts to cry.
You block the orc warrior's attack. The gnoll barely misses you.
The orc seems to regain its courage.
The orc warrior hits you with a +0 broad axe!
You die...

######.######
#)g.#...#g.g#
#[....8.g..o#
#...#goo#...#
######g######
#g..# #.g.#
#.o.#
#####@######
#....≈g≈.(..#
#'###≈.≈###(#
#....≈g≈...^#
#'###≈.≈###'#
#...K≈.≈...(#
#'###≈.≈###'#
#.. .≈o≈...†#
#K###≈.≈###(#


You could see 2 orc warriors, 2 gnolls, 2 orcs, 2 hobgoblins, 2 goblins and a
kobold.

Vanquished Creatures
  Sigmund (D:5)
  Eustachio (D:5)
  A water moccasin (D:5)
  An ice beast (D:5)
  An ogre (D:4)
  A centaur (D:5)
  A gnoll sergeant (D:6)
  3 bullfrogs
  2 scorpions
  3 killer bees (D:6)
  A howler monkey (D:4)
  A crimson imp (D:6)
  2 bullfrog zombies (D:5)
  5 orc wizards
  3 orc priests (D:5)
  5 worker ants
  A howler monkey zombie (D:5)
  11 gnolls
  4 adders
  3 shadow imps
  An ooze (D:2)
  An adder skeleton (D:4)
  2 worms
  A dart slug (D:3)
  2 leopard geckos
  9 orcs
  2 ball pythons
  4 giant cockroaches
  12 goblins
  3 hobgoblins
  3 jackals
  3 quokkas
  3 bats
  5 frilled lizards
  20 kobolds
  A leopard gecko skeleton (D:4)
  3 rats (D:1)
126 creatures vanquished.

Notes
Turn   | Place    | Note
-------+----------+-------------------------------------------
     0 | D:1      | MirrMurr the Spriggan Enchanter began the quest for the
                  | Orb.
     0 | D:1      | Reached XP level 1. HP: 9/9 MP: 5/5
   374 | D:2      | You fall into a shaft and drop 2 floors!
   425 | D:4      | Noticed a worker ant
   441 | D:4      | Noticed an ogre
   467 | D:3      | Reached skill level 5 in Stealth
   467 | D:3      | Reached XP level 2. HP: 13/13 MP: 6/6
   601 | D:2      | Learned a level 2 spell: Ensorcelled Hibernation
  1113 | D:2      | Reached XP level 3. HP: 15/16 MP: 8/8
  1118 | D:2      | Learned a level 3 spell: Confusing Touch
  3363 | D:3      | Found a basalt altar of Yredelemnul.
  3372 | D:3      | Found a hide-covered altar of Uskayaw.
  3790 | D:2      | Reached XP level 4. HP: 15/21 MP: 4/9
  4374 | D:3      | Found an ancient bone altar of Kikubaaqudgha.
  4497 | D:3      | Found a hazy altar of Hepliaklqana.
  4823 | D:4      | Reached XP level 5. HP: 21/24 MP: 1/10
  4984 | D:4      | Found a radiant altar of Vehumet.
  5690 | D:4      | Killed an ogre
  5690 | D:4      | Reached XP level 6. HP: 28/28 MP: 3/11
  5695 | D:4      | Learned a level 3 spell: Tukima's Dance
  5783 | D:4      | Found a staircase to the Ecumenical Temple.
  5792 | Temple   | Entered the Ecumenical Temple
  5889 | Temple   | Became a worshipper of Ashenzari the Shackled
  6060 | D:4      | Reached skill level 5 in Short Blades
  6324 | D:5      | Entered Level 5 of the Dungeon
  6593 | D:5      | Noticed Sigmund
  6670 | D:5      | Killed Sigmund
  6670 | D:5      | Reached skill level 5 in Hexes
  6670 | D:5      | Reached XP level 7. HP: 32/32 MP: 8/14
  7232 | D:5      | Found a blossoming altar of Fedhas.
  7875 | D:5      | Reached XP level 8. HP: 30/37 MP: 3/15
  8409 | D:6      | Reached skill level 1 in Fighting
  8490 | D:6      | Reached skill level 1 in Shields
  8747 | D:6      | Noticed Eustachio
  8982 | D:5      | Killed Eustachio
  8982 | D:5      | Reached skill level 5 in Dodging
 10070 | D:7      | Found a flagged portal.
 10177 | Bailey   | Entered a bailey
 10285 | Bailey   | Identified the cursed +1 robe "Sinuergh" {+Fly rF- Int+2
                  | SInv}
 10289 | Bailey   | Found the +8 orange crystal plate armour {Archmagi, Int+3
                  | Clar}
 10304 | Bailey   | Slain by an orc warrior

Levels and vault maps discovered:
D:1:      minmay_arrival_up_and_down, layout_basic,
          ebering_dispersal_statue_hall
D:2:      layout_loops_ring, kennysheep_generic_room_15
D:3:      layout_loops_ring, nicolae_overflow_crystal_walls,
          lemuel_doored_altar, minitemple, hangedman_abyss_or_decor_lesser_grid,
          minivault_11, kennysheep_nondescript, item_on_display_a
D:4:      layout_basic, kennysheep_mini, minmay_temple_entry_fiery
D:5:      layout_basic, kennysheep_mini_moat, first_ration, uniq_sigmund
D:6:      layout_loops_ring, roderic_roman_lattice,
          eino_small_chamber_without_monster, uniq_eustachio
D:7:      layout_loops_ring, tso_oasis_becter, minmay_overflow_temple_star_quad,
          lemuel_crystal_altar, lightli_bailey_entry_fortress,
          gammafunk_ghost_stat_death
Temple:   compressed_dpeg_circular_temple
Bailey:   bailey_axe_1, bailey

Skill      XL: |  1  2  3  4  5  6  7  8 |
---------------+-------------------------+-----
Stealth        | 5 6 7 8 |  8.2
Short Blades   | 2 3 4 5 |  5.0
Spellcasting   | 4 |  4.2
Hexes          | 5 8 |  8.0
Fighting       | 3 |  3.1
Dodging        | 6 |  6.6
Shields        | 2 |  2.8

Action                   |  1- 3 |  4- 6 |  7- 9 || total
-------------------------+-------+-------+-------++-------
Melee: Dagger            |   147 |   107 |   297 ||   551
 Cast: Corona            |     5 |       |       ||     5
       Ensorcelled Hiber |    15 |    35 |    66 ||   116
       Confusing Touch   |       |     4 |     4 ||     8
Invok: Curse Item        |       |     1 |       ||     1
  Use: Scroll            |       |    15 |     3 ||    18
       Potion            |       |       |     1 ||     1
 Stab: Sleeping          |    13 |    19 |    33 ||    65
       Distracted        |     1 |       |       ||     1
       Confused          |       |     4 |     3 ||     7
  Eat: Ration            |       |     4 |     3 ||     7
Armor: Robe              |     7 |     4 |    13 ||    24
Dodge: Dodged            |   139 |    72 |   247 ||   458
Block: Buckler           |       |    12 |    91 ||   103

Table legend:
 A = Non-vault XP
 B = Vault XP
 C = Vault XP percentage of total XP
 D = Non-vault monster count
 E = Vault monster count
 F = Vault count percentage of total count
                 A         B        C        D         E       F
            +---------+---------+-------+---------+---------+-------
      Total |    2193 |     498 |  18.5 |     102 |      24 |  19.0
            +---------+---------+-------+---------+---------+-------
        D:1 |      22 |       0 |   0.0 |      14 |       0 |   0.0
        D:2 |      62 |       3 |   4.6 |      18 |       2 |  10.0
        D:3 |      46 |       0 |   0.0 |      11 |       0 |   0.0
        D:4 |     385 |       0 |   0.0 |      18 |       0 |   0.0
        D:5 |     913 |     424 |  31.7 |      20 |       2 |   9.1
        D:6 |     689 |       0 |   0.0 |      19 |       0 |   0.0
        D:7 |      76 |      50 |  39.7 |       2 |       6 |  75.0
     Bailey |       0 |      21 | 100.0 |       0 |      14 | 100.0
            +---------+---------+-------+---------+---------+-------
